 Dungeon Crawl Stone Soup version 0.19.0-2-gae57169 (webtiles) character file.

128 magipi the Slasher (level 4, -3/58 HPs)
             Began as a Minotaur Berserker on Nov 4, 2016.
             Was a Priest of Trog.
             Killed from afar by Ijyb (19 damage)
             ... with a wand of acid
             ... on level 3 of the Dungeon.
             The game lasted 00:10:51 (1971 turns).

magipi the Slasher (Minotaur Berserker)             Turns: 1971, Time: 00:10:52

Health: -3/58      AC:  5    Str: 27    XL:     4   Next: 87%
Magic:  3/3        EV: 11    Int:  4    God:    Trog [***...]
Gold:   162        SH:  0    Dex: 10    Spells: 0 memorised, 3 levels left

rFire  . . .     SeeInvis .     a - +0 falchion
rCold  . . .     Gourm    .     q - +0 ring mail
rNeg   . . .     Faith    .     (no shield)
rPois  .         Spirit   .     (helmet restricted)
rElec  .         Reflect  .     (no cloak)
rCorr  .         Harm     .     (no gloves)
MR     .....                    (no boots)
Stlth  ..........               (no amulet)
                                (no ring)
                                (no ring)

@: berserking, very quick
A: retaliatory headbutt, horns 2
a: Berserk, Trog's Hand, Burn Spellbooks, Renounce Religion


You were on level 3 of the Dungeon.
You worshipped Trog.
Trog was most pleased with you.
You were very hungry.

You visited 1 branch of the dungeon, and saw 3 of its levels.

You collected 162 gold pieces.

Notes
Turn   | Place    | Note
-------+----------+-------------------------------------------
     0 | D:1      | magipi the Minotaur Berserker began the quest for the Orb.
     0 | D:1      | Reached XP level 1. HP: 19/19 MP: 0/0
    81 | D:1      | Reached skill level 4 in Long Blades
   115 | D:1      | Reached XP level 2. HP: 26/26 MP: 1/1
   693 | D:1      | Reached skill level 5 in Long Blades
   788 | D:2      | Reached ** piety under Trog
   788 | D:2      | Reached XP level 3. HP: 31/31 MP: 2/2
   838 | D:2      | Noticed Robin
  1194 | D:2      | Reached XP level 4. HP: 24/39 MP: 3/3
  1205 | D:2      | Reached skill level 6 in Long Blades
  1213 | D:2      | Killed Robin
  1695 | D:2      | Reached *** piety under Trog
  1965 | D:3      | Noticed Ijyb
  1971 | D:3      | Killed from afar by Ijyb

Inventory:

Hand Weapons
 a - a +0 falchion (weapon)
Missiles
 b - 23 poisoned needles
 x - 5 tomahawks (quivered)
Armour
 q - a +0 ring mail (worn)
Jewellery
 j - an uncursed ring of protection from magic {unknown}
 k - an uncursed ring of ice {unknown}
 t - an uncursed ring of fire {unknown}
Scrolls
 g - a scroll of fog {unknown}
 i - a scroll of blinking {unknown}
 o - 2 scrolls of noise {unknown}
 p - a scroll of remove curse {unknown}
 s - a scroll of amnesia {unknown}
 u - a scroll of identify {unknown}
 v - a scroll of enchant weapon {unknown}
 w - 2 scrolls of recharging {unknown}
Potions
 e - 3 potions of invisibility {unknown}
 h - 2 potions of curing {unknown}
 l - a potion of might {unknown}
 m - a potion of degeneration {unknown}
 n - a potion of cancellation {unknown}
 z - a potion of resistance {unknown}
Comestibles
 c - 2 bread rations
 d - 4 meat rations
 f - a slice of pizza
 r - a chunk of flesh


   Skills:
 - Level 3.6 Fighting
 + Level 6.8 Long Blades
 - Level 2.4 Armour
 - Level 2.1 Dodging


You had 3 spell levels left.
You didn't know any spells.

Dungeon Overview and Level Annotations

Branches:
Dungeon (3/15)

Altars:

Annotations:
D:3 Ijyb


Innate Abilities, Weirdness & Mutations

You reflexively headbutt those who attack you in melee.
You have a pair of horns on your head.

Vault maps used:
D:1:      erik_arrival_cave_to_civilisation
D:2:      uniq_robin
D:3:      first_bread, minmay_tree_intersection, st_stairs_5,
          kennysheep_flooded_box, uniq_crazy_yiuf_cottage, uniq_sigmund,
          uniq_grinder, uniq_iyjb


Message History

You barely miss the hobgoblin. Your headbutt misses the hobgoblin.
The hobgoblin is severely wounded.
The hobgoblin hits you but does no damage.
You barely miss the hobgoblin. You headbutt the hobgoblin.
The hobgoblin is almost dead.
The hobgoblin hits you but does no damage.
You barely miss the hobgoblin.
The hobgoblin is almost dead.
The hobgoblin hits you but does no damage.
You closely miss the hobgoblin. You headbutt the hobgoblin.
You kill the hobgoblin!
Trog accepts your kill.
The orc throws a tomahawk.
The tomahawk hits you.
Things that are here:
a tomahawk; a club; a hobgoblin corpse The orc hits you but does no damage.
There is a stone staircase leading up here.
You slash the orc!
You kill the orc!
Trog accepts your kill.
Things that are here:
a club; a tomahawk; an orc corpse
There is a stone staircase leading up here.
Things that are here:
a tomahawk; a club; a hobgoblin corpse
x - a tomahawk
There is a stone staircase leading up here.
x - 2 tomahawks (gained 1)
Things that are here:
a club; an orc corpse
x - 5 tomahawks (gained 3)
Found a bread ration.
c - 2 bread rations (gained 1)
A goblin comes into view. It is wielding a club.
The goblin shouts!
A goblin comes into view. It is wielding a club.
The goblin shouts!
You hear an angry hiss.
The goblin barely misses you.
An adder comes into view.
You hit the goblin. Your headbutt misses the goblin.
The goblin is moderately wounded.
The goblin barely misses you.
You hit the goblin but do no damage.
The goblin is moderately wounded.
The goblin closely misses you.
You closely miss the goblin.
The goblin is moderately wounded.
The goblin closely misses you. You furiously retaliate!
You headbutt the goblin, but do no damage.
You hit the goblin.
You kill the goblin!
Trog accepts your kill.
The goblin unwields an uncursed club.
The goblin wields a hunting sling.
The goblin shoots a stone.
The stone closely misses you.
The goblin shoots a stone.
The stone hits you but does no damage.
You see here a stone.
The adder closely misses you.
You miss the adder. The adder misses you.
The adder bites you but does no damage.
You slash the adder! You headbutt the adder.
You kill the adder!
Trog accepts your kill.
The goblin shoots a stone.
The stone hits you.
The goblin unwields an uncursed hunting sling.
The goblin wields an uncursed club.
The goblin misses you.
Things that are here:
a club; a fuming cyan potion; an adder corpse You barely miss the goblin.
Your headbutt misses the goblin. The goblin closely misses you.
You riposte.
You barely miss the goblin. You closely miss the goblin.
Your headbutt misses the goblin. The goblin hits you but does no damage.
You hit the goblin.
You kill the goblin!
Trog accepts your kill.
Things that are here:
an uncursed club; an uncursed hunting sling; 16 stones
z - a fuming cyan potion
Things that are here:
a club; an adder corpse
Found 10 gold pieces.
Ijyb the Twisted Goblin comes into view.
She is wielding a club.
Ijyb shouts!
Found 10 gold pieces.
Ijyb zaps a wand.
The bolt of acid hits you!
You are splashed with acid!
The acid burns!
* * * LOW HITPOINT WARNING * * *
It is a wand of acid.
A red film seems to cover your vision as you go berserk!
You feel yourself moving faster!
You feel mighty!
You are feeling very hungry.
You feel a strong urge to attack something.
You hit Ijyb. Your headbutt misses Ijyb.
Ijyb is moderately wounded.
Ijyb hits you but does no damage.
You hit Ijyb.
Ijyb is moderately wounded.
You slash Ijyb!
Ijyb is severely wounded.
Ijyb zaps a wand.
The bolt of acid hits you!
You die...

## #. .# #. .# #. #.###
#. .... #. ..# ##g##
##..#####
#####..@########........
$.....$.........)..#
#####...########)#.#
##.## #(# .. ... #(# ###
#### #.# #.. #.# #.# #.#
#.# #.# #.#


You could see Ijyb.

Vanquished Creatures
  Robin (D:2)
  5 adders
  A worm (D:2)
  2 dart slugs (D:1)
  2 leopard geckos (D:2)
  An orc (D:3)
  3 ball pythons
  2 bats
  A giant cockroach (D:2)
  16 goblins
  9 hobgoblins
  3 jackals (D:2)
  A quokka (D:2)
  3 frilled lizards
  7 kobolds
  3 rats (D:2)
60 creatures vanquished.

Action                   |  1- 3 |  4- 6 || total
-------------------------+-------+-------++-------
Melee: Falchion          |    73 |    55 ||   128
       Headbutt          |    10 |    11 ||    21
Invok: Berserk           |       |     2 ||     2
  Eat: Chunk             |     1 |     3 ||     4
Armor: Animal skin       |    11 |     2 ||    13
       Ring mail         |       |    14 ||    14
Dodge: Dodged            |    35 |    27 ||    62
       Rpst.: Falchion   |     8 |     6 ||    14

Action                   |  1- 3 |  4- 6 || total
-------------------------+-------+-------++-------
Melee: Falchion          |    73 |    55 ||   128
       Headbutt          |    10 |    11 ||    21
Invok: Berserk           |       |     2 ||     2
  Eat: Chunk             |     1 |     3 ||     4
Armor: Animal skin       |    11 |     2 ||    13
       Ring mail         |       |    14 ||    14
Dodge: Dodged            |    35 |    27 ||    62
       Rpst.: Falchion   |     8 |     6 ||    14
